 Dungeon Crawl Stone Soup version 0.28.0-43-g3370ac3207 (webtiles) character file.

Game seed: 17057286309729828355

3 Descartes the Charlatan (level 1, 0/7 HPs)
             Began as a Felid Wanderer on Mar 11, 2022.
             Slain by a dart slug (3 damage)
             ... on level 1 of the Dungeon.
             The game lasted 00:00:42 (138 turns).

Descartes the Charlatan (Felid Wanderer)             Turns: 138, Time: 00:00:42

Health: 0/7        AC:  1    Str:  8    XL:     1   Next: 41%
Magic:  3/3        EV: 15    Int: 13    God:
Gold:   0          SH:  0    Dex: 15    Spells: 1/2 levels left
                                        Lives:  0   Deaths: 0

rFire   . . .      SeeInvis +   (weapon unavailable)
rCold   . . .      Faith    .   (shield unavailable)
rNeg    . . .      Spirit   .   (armour unavailable)
rPois   .          Reflect  .   (helmet unavailable)
rElec   .          Harm     .   (cloak unavailable)
rCorr   .          Rampage  .   (gloves unavailable)
Will    .....                   (boots unavailable)
Stlth   ++........              (no amulet)
HPRegen 0.02/turn               (no ring)
MPRegen 0.08/turn               (no ring)

@: quick
A: very small, claws 1, fangs 3, see invisible, speed 1, shaggy fur 1, stealthy
paws, no weapons or thrown items, no armour, multi-lived
a: no special abilities


You were on level 1 of the Dungeon.
You visited 1 branch of the dungeon, and saw 1 of its levels.

Inventory:

Wands
 a - a wand of flame (14)


   Skills:
 + Level 0.2 Fighting
 + Level 0.3 Dodging
 + Level 1.5 Stealth
 + Level 0.2 Unarmed Combat
 - Level 1.0 Spellcasting
 + Level 4.4 Translocations
 - Level 5.4 Evocations


You had one spell level left.
You knew the following spells:

 Your Spells              Type           Power      Damage    Failure   Level
a - Apportation           Tloc           24%        N/A       4%          1

Your spell library contained the following spells:

 Spells                   Type           Power      Damage    Failure   Level
 Teleport Other           Tloc           12%        N/A       14%         3


Dungeon Overview and Level Annotations

Branches:
Dungeon (1/15)

Altars:


Innate Abilities, Weirdness & Mutations

You have sharp claws.
You have razor-sharp teeth.
You have supernaturally acute eyesight. (SInv)
You cover ground quickly. (Speed+)
You are covered in fur. (AC +1)
Your paws help you pounce on unaware monsters.
You are incapable of wielding weapons or throwing items.
You cannot wear armour.
You gain extra lives every three experience levels.


Message History

No target in view!
You see here a quokka corpse.
A quokka comes into view.
A dart slug comes into view.
You closely miss the quokka. You bite the quokka.
The quokka is heavily wounded.
The quokka misses you. The quokka bites you.
Ouch! That really hurt!
You are too injured to fight recklessly!
You are too injured to fight recklessly!
You are too injured to fight recklessly!
You are too injured to fight recklessly!
You are too injured to fight recklessly!
You are too injured to fight recklessly!
You are too injured to fight recklessly!
You are too injured to fight recklessly!
You are too injured to fight recklessly!
You are too injured to fight recklessly!
You are too injured to fight recklessly!
You are too injured to fight recklessly!
You are too injured to fight recklessly!
You are too injured to fight recklessly!
You are too injured to fight recklessly!
You scratch the quokka but do no damage.
The quokka is heavily wounded.
The quokka closely misses you.
You scratch the quokka but do no damage.
Your bite misses the quokka.
The quokka is heavily wounded.
The quokka misses you.
You barely miss the quokka.
The quokka is heavily wounded.
The quokka misses you.
You scratch the quokka.
You kill the quokka!
You see here a quokka corpse.
The dart slug misses you.
You scratch the dart slug but do no damage.
The dart slug bites you.
You die...

# .# # ##.#.##
#.#########.......
#....w@†..........
############........
#.......†...........
###...########......
.######.....###...#
...### #
...#...#.......#
#... #.
#.....#...##### ##.#
.. #.........# #
.####.(.......#


You could see a dart slug.

Vanquished Creatures
  2 quokkas (D:1)
  A frilled lizard (D:1)
3 creatures vanquished.

Notes
Turn   | Place    | Note
-------+----------+-------------------------------------------
     0 | D:1      | Descartes the Felid Wanderer began the quest for the Orb.
     0 | D:1      | Descartes set off with the following items: a wand of flame
                  | (14); and the following spell memorised: Apportation; and
                  | the following spells available to memorise: Teleport Other
     0 | D:1      | Reached XP level 1. HP: 7/7 MP: 3/3
   138 | D:1      | Slain by a dart slug

Illustrated notes

Levels and vault maps discovered:
D:1:      evilmike_arrival_hilbert_curve, layout_basic,
          chequers_ecumenical_altar_lobes

Action                   || total
-------------------------++-------
Melee: Unarmed           ||    10
       Bite              ||     1
 Stab: Sleeping          ||     1
Dodge: Dodged            ||     7
